 Dungeon Sprint DCSS version 0.30-a0-585-g93115170b9 (webtiles) character file.

Game seed: 1300586524908313342

447 mhtbhm the Blocker (level 7, 0/94 HPs)
             Began as a Merfolk Fighter on Jan 2, 2023.
             Was a Believer of Qazlal.
             Killed from afar by an air elemental (3 damage)
             ... with a stunning burst
             ... in the Dungeon (Sprint V: "Ziggurat Sprint").
             The game lasted 00:01:13 (137 turns).

mhtbhm the Blocker (Merfolk Fighter)                 Turns: 137, Time: 00:01:13

Health: 0/94       AC: 23    Str: 30    XL:     7   Next: 3%
Magic:  7/7        EV:  0    Int:  7    God:    Qazlal [**....]
Gold:   0          SH: 32    Dex: 14    Spells: 6/6 levels left

rFire   + + .      SeeInvis .    a - +8 lance "Wyrmbane" {slay drac, rPois rF+ rC+ AC+3}
rCold   + + .      Faith    .    c - +18 shield of the Gong {rElec rN+ Will+ EV-5}
rNeg    + . .      Spirit   .    b - +5 gold dragon scales
rPois   +          Reflect  .    (no helmet)
rElec   +          Harm     .    (no cloak)
rCorr   .          Rampage  .    (no gloves)
Will    +....      NoTele   +    (no boots) Stlth
                                 (no amulet)
HPRegen 0.35/turn                z - +6 ring of strength
MPRegen 0.10/turn                A - +6 ring of strength

@: berserking, very quick
A: (nimble swimmer 2), mertail
a: Renounce Religion, Upheaval


You were in the Dungeon.
You worshipped Qazlal.
Qazlal was pleased with you.
You visited 1 branch

Inventory:

Hand Weapons
 a - the +8 lance "Wyrmbane" (weapon) {slay drac, rPois rF+ rC+ AC+3}
   (You found it in the Dungeon)

   It inflicts extra damage against dragons and draconians.
   AC:        It affects your AC (+3).
   rF:        It protects you from fire.
   rC:        It protects you from cold.
   rPois:     It protects you from poison.
Armour
 b - +5 gold dragon scales (worn)
 c - the +18 shield of the Gong (worn) {rElec rN+ Will+ EV-5}
   (You found it in the Dungeon)

   It is deafeningly noisy when blocking attacks.
   EV:        It affects your evasion (-5).
   rElec:     It insulates you from electricity.
   rN:        It protects you from negative energy.
   Will:      It increases your willpower.
Jewellery
 u - a ring of resist corrosion
 z - a +6 ring of strength (left hand)
 A - a +6 ring of strength (right hand)
Wands
 s - a wand of mindburst (7)
 t - a wand of acid (7)
Scrolls
 j - 4 scrolls of blinking
 o - 4 scrolls of amnesia
 p - 7 scrolls of fog
 q - 5 scrolls of identify
 r - 2 scrolls of fear
Potions
 d - 6 potions of might
 e - 10 potions of curing
 f - 10 potions of heal wounds
 g - 6 potions of haste
 h - 7 potions of magic
 i - 2 potions of berserk rage
 k - 2 potions of brilliance
 l - 2 potions of invisibility
 m - 4 potions of resistance
 n - a potion of experience
Miscellaneous
 B - a lightning rod (4/4)


   Skills:
 + Level 8.7 Fighting
 + Level 7.1 Polearms
 + Level 6.3 Armour
 + Level 9.1 Shields


You had 6 spell levels left.
You didn't know any spells.
Your spell library contained the following spells:

 Spells                   Type           Power      Damage    Failure   Level
 Summon Small Mammal      Summ           0%         N/A       100%        1
 Scorch                   Fire           0%         2d5       100%        2
 Flame Wave               Conj/Fire      0%         2d4       100%        4
 Iron Shot                Conj/Erth      0%         9d1       100%        6
 Summon Cactus Giant      Summ           0%         N/A       100%        6
 Summon Horrible Things   Summ           0%         N/A       100%        8


Dungeon Overview and Level Annotations

Branches:
Dungeon (1/1)

Altars:
Ashenzari
Cheibriados
Dithmenos
Elyvilon
Fedhas
Gozag
Hepliaklqana
Kikubaaqudgha
Makhleb
Nemelex Xobeh
Okawaru
Qazlal
Ru
Sif Muna
Trog
Uskayaw
Vehumet
Wu Jian
Xom
Yredelemnul
Zin
The Shining One
Jiyva
Lugonu

Annotations:
D 1 transporter


Innate Abilities, Weirdness & Mutations

((You are very nimble when in or above water. (Stealth+, EV+, Speed+++)))
Your lower body shifts to a powerful aquatic tail in water.


Message History

You block the air elemental's attack.
PANG!
The air elemental is engulfed in blazing flames.
You block the air elemental's attack.
GONNNNG!
The air elemental hits you but does no damage. x2
You miss the air elemental.
The air elemental is severely damaged.
The air elemental is engulfed in blazing flames.
The air elemental fires a burst of electricity at you.
The stunning burst hits you but does no damage.
You resist.
You shrug off the repeated paralysis!
You block the air elemental's attack.
PTOANNNG!
The air elemental fires a burst of electricity at you.
The stunning burst hits you but does no damage.
The air elemental is engulfed in blazing flames.
The air elemental hits you but does no damage.
You block the air elemental's attack.
GONNNNG!
You block the air elemental's attack.
GONNNNG!
Unknown command.
You puncture the air elemental!
You destroy the air elemental!
Qazlal accepts your kill. You block the air elemental's attack.
PANG!
The air elemental hits you but does no damage.
Your Fighting skill increases to level 8!
Your Polearms skill increases to level 7!
Your Armour skill increases to level 6!
Your Shields skill increases to level 9!
You have reached level 7!
Unknown command.
You hit the air elemental.
The air elemental is lightly damaged.
The air elemental fires a burst of electricity at you.
The stunning burst hits you. You resist.
You shrug off the repeated paralysis!
You die...

▓▓▓▓▓▓▓▓▓▓▓▓▓▓▓▓▓▓▓
▓.8©8.▓.8©8.▓.8©8.▓
▓.=:).▓.}...▓.....▓
▓..)..▓.....▓.|...▓
▓.....▓.....▓.....▓
▓.....▓.....▓...†.▓
▓.°EE.▓.....▓..©..▓
▓..@..▓..©..▓▓▓▓▓▓▓
▓▓▓▓▓▓▓▓▓▓▓▓▓


You could see 2 air elementals.

Vanquished Creatures
  2 air elementals (D)
  A hell hound (D)
  2 adders (D)
  A giant cockroach zombie (D)
  A jackal zombie (D)
7 creatures vanquished.

Notes
Turn   | Place    | Note
-------+----------+-------------------------------------------
     0 | D        | mhtbhm the Merfolk Fighter began the quest for the Orb.
     0 | D        | Reached XP level 1. HP: 18/18 MP: 1/1
    14 | D        | Found a blossoming altar of Fedhas.
    14 | D        | Found the +6 Majin-Bo {vamp, MP+6 Int+6}
    14 | D        | Found the +27 heavy crossbow "Sniper" {heavy, Acc+∞ SInv}
    14 | D        | Found the +10 dark maul {heavy}
    14 | D        | Found the +15 Maxwell's patent armour {-Cast -Tele rElec
                  | Will+ rCorr}
    14 | D        | Found the +18 shield of the Gong {rElec rN+ Will+ EV-5}
    14 | D        | Found the +16 obsidian axe {drain, Mesm Drain Fly SInv}
    14 | D        | Found the +7 great mace "Firestarter" {inner flame, rF++}
    14 | D        | Found the +6 shillelagh "Devastator" {shatter}
    14 | D        | Found the +11 plutonium sword {Contam Stlth-}
    14 | D        | Found the +8 lance "Wyrmbane" {slay drac, rPois rF+ rC+
                  | AC+3}
    14 | D        | Found the +9 sword of Zonguldrok {reap}
    14 | D        | Found the +13 scythe of Curses {drain, Drain}
    14 | D        | Found the +9 sword of Power
    14 | D        | Found the +7 mace of Variability {chain chaos}
    14 | D        | Found the +11 Singing Sword {sonic wave}
    14 | D        | Found the +8 storm bow {elec, penet}
    17 | D        | Found a shimmering blue altar of Sif Muna.
    17 | D        | Found a sacrificial altar of Ru.
    17 | D        | Found a bloodstained altar of Trog.
    17 | D        | Found a stormy altar of Qazlal.
    17 | D        | Found an iron altar of Okawaru.
    17 | D        | Found a sparkling altar of Nemelex Xobeh.
    19 | D        | Found a transporter.
    19 | D        | Found an ancient bone altar of Kikubaaqudgha.
    19 | D        | Found a viscous altar of Jiyva.
    19 | D        | Found a corrupted altar of Lugonu.
    19 | D        | Found a hazy altar of Hepliaklqana.
    19 | D        | Found a burning altar of Makhleb.
    19 | D        | Found an opulent altar of Gozag.
    68 | D        | Became a worshipper of Qazlal Stormbringer
    88 | D        | Entered arena 2.
    88 | D        | Found a transporter.
    93 | D        | Reached XP level 2. HP: 22/25 MP: 2/2
    94 | D        | Reached skill level 4 in Shields
   105 | D        | Entered arena 3.
   105 | D        | Noticed a hell hound
   105 | D        | Found a transporter.
   114 | D        | Killed a hell hound
   114 | D        | Reached * piety under Qazlal
   115 | D        | Reached skill level 6 in Shields
   115 | D        | Reached XP level 3. HP: 30/35 MP: 3/3
   115 | D        | Reached XP level 4. HP: 35/41 MP: 4/4
   115 | D        | Reached XP level 5. HP: 41/47 MP: 5/5
   121 | D        | Got the Handbook of Congregated Blasting
   125 | D        | Entered arena 4.
   125 | D        | Noticed an air elemental
   125 | D        | Noticed an air elemental
   125 | D        | Noticed an air elemental
   125 | D        | Noticed an air elemental
   125 | D        | Found a transporter.
   125 | D        | Paralysed by an air elemental for 1 turns
   131 | D        | Paralysed by an air elemental for 1 turns
   133 | D        | Killed an air elemental
   133 | D        | Reached ** piety under Qazlal
   133 | D        | HP: 1/70 [air elemental/stunning burst (4)]
   134 | D        | Reached skill level 5 in Armour
   134 | D        | Reached skill level 8 in Shields
   134 | D        | Reached XP level 6. HP: 2/56 MP: 6/6
   136 | D        | Killed an air elemental
   137 | D        | Reached skill level 9 in Shields
   137 | D        | Reached XP level 7. HP: 3/63 MP: 7/7
   137 | D        | Killed from afar by an air elemental

Illustrated notes

Levels and vault maps discovered:
D:        sprint_v [room_start, room_1, room_2, room_3, room_4, room_5, room_6,
          room_7, room_8, room_9, room_10, room_11, room_12, room_13, room_14,
          room_15, room_16, room_17, room_18, room_19, room_20, room_21,
          room_22, room_23, room_24, room_25, room_26, room_27]

Skill      XL: |  1  2  3  4  5  6 |
---------------+-------------------+-----
Fighting       | 4 6 7 8 |  8.7
Polearms       | 3 4 6 7 |  7.1
Armour         | 4 5 6 |  6.3
Shields        | 6 8 9 |  9.1

Action                   |  1- 3 |  4- 6 |  7- 9 || total
-------------------------+-------+-------+-------++-------
Melee: Lance             |    13 |    11 |     1 ||    25
  Use: Potion            |       |     1 |       ||     1
Armor: Gold dragon scale |    12 |    23 |       ||    35
Dodge: Dodged            |       |     2 |       ||     2
Block: Kite shield       |    24 |    20 |       ||    44

Table legend: (Time is in decaauts)
 A = Elapsed time spent in this place.
 B = Non-inter-level travel time spent in this place.
 C = Inter-level travel time spent in this place.
 D = Time resting spent in this place.
 E = Time spent auto-exploring this place.
 F = Levels seen in this place.
 G = Mean time per level.
                   A        B        C        D        E       F      G
               +--------+--------+--------+--------+--------+-----+--------+
         Total |    134 |    134 |      0 |      3 |      0 |   1 |  134.0 |
       Dungeon |    134 |    134 |      0 |      3 |      0 |   1 |  134.0 |
               +--------+--------+--------+--------+--------+-----+--------+

Top non-repeatable levels by time:
       D: 134 daAuts
